| TOP OF THE 1ST |
|
Gwinnett Braves batting - Pitching for Lehigh Valley IronPigs : RHP Wally Hoover
|
|
Pitching: RHP Wally Hoover
|
|
|
Batting: RHB Bill Turnbull
|
0-0: Called Strike 0-1: SINGLE (Groundball, 6M, EV 105.0 MPH) (infield hit)
|
|
Batting: LHB Bobby Upton
|
0-0: Ball 1-0: Called Strike Bill Turnbull steals 2nd base 1-1: Ground out 6-3 (Groundball, 6, EV 95.0 MPH) Bill Turnbull to third
|
|
Batting: LHB Curt Nelson
|
0-0: Called Strike 0-1: Foul Ball, location: 2F 0-2: Ball 1-2: Ball 2-2: Foul Ball, location: 2F 2-2: Ball 3-2: Ground out U3 (Groundball, 3, EV 84.4 MPH)
|
|
Batting: RHB Jake Lang
|
0-0: Foul Ball, location: 2F 0-1: SINGLE (Groundball, P, EV 81.9 MPH) (infield hit) Bill Turnbull scores
|
|
Pinch Runner at 1st Tim Rodgers:
|
|
|
Batting: LHB Davey Schonewille
|
0-0: Ball 1-0: Called Strike 1-1: Ball 2-1: Ball 3-1: Foul Ball, location: 2F 3-2: SINGLE (Groundball, 34, EV 103.8 MPH) Tim Rodgers to second Tim Rodgers to third
|
|
Batting: RHB Ian Sousa
|
0-0: Ball 1-0: Foul Ball, location: 2F 1-1: Hit by Pitch Davey Schonewille to second
|
|
Pinch Runner at 1st Ethan McCullough:
|
|
|
Batting: RHB Jesse Lester
|
0-0: Ball 1-0: Called Strike 1-1: Ground out 4-3 (Groundball, 4, EV 91.2 MPH)
|
| Top of the 1st over - 1 run, 3 hits, 0 errors, 3 left on base; Gwinnett 1 - Lehigh Valley 0 |
| BOTTOM OF THE 1ST |
|
Lehigh Valley IronPigs batting - Pitching for Gwinnett Braves : RHP Alan Shanahan
|
|
Pitching: RHP Alan Shanahan
|
|
|
Now at 1B: Bill Turnbull
|
|
|
Now at 2B: Ethan McCullough
|
|
|
Now in CF: Tim Rodgers
|
|
|
Now in RF: Davey Schonewille
|
|
|
Batting: LHB Osamu Kubo
|
0-0: Called Strike 0-1: Called Strike 0-2: Fly out, F8 (Flyball, 78D, EV 91.9 MPH)
|
|
Batting: LHB Chad Persaud
|
0-0: Foul Ball, location: 2F 0-1: Ball 1-1: Ball 2-1: Ground out 5-3 (Groundball, 56, EV 81.2 MPH)
|
|
Batting: SHB Lance Franklin
|
0-0: Swinging Strike 0-1: Swinging Strike 0-2: Ball 1-2: Ball 2-2: Foul Ball, location: 2F 2-2: Fly out, F7 (Flyball, 7S, EV 92.5 MPH)
|
| Bottom of the 1st over - 0 runs, 0 hits, 0 errors, 0 left on base; Gwinnett 1 - Lehigh Valley 0 |
| TOP OF THE 2ND |
|
Gwinnett Braves batting - Pitching for Lehigh Valley IronPigs : RHP Wally Hoover
|
|
Batting: RHB Angel Lescano
|
0-0: Called Strike 0-1: Ball 1-1: Ball 2-1: Foul Ball, location: 2F 2-2: Ground out 6-3 (Groundball, 6, EV 88.8 MPH)
|
|
Batting: RHB Bobby Light
|
0-0: Ball 1-0: Called Strike 1-1: Ball 2-1: Called Strike 2-2: Fly out, F7 (Line Drive, 7, EV 91.2 MPH)
|
|
Batting: RHB Bill Turnbull
|
0-0: Ground out 1-3 (Groundball, 13, EV 61.9 MPH)
|
| Top of the 2nd over - 0 runs, 0 hits, 0 errors, 0 left on base; Gwinnett 1 - Lehigh Valley 0 |
| BOTTOM OF THE 2ND |
|
Lehigh Valley IronPigs batting - Pitching for Gwinnett Braves : RHP Alan Shanahan
|
|
Batting: RHB Josh Hensley
|
0-0: SINGLE (Line Drive, 9LS, EV 105.6 MPH)
|
|
Batting: RHB Chris Pounds
|
0-0: Foul Ball, location: 2F 0-1: Ball 1-1: Grounds into double play, 3-6-1 (Groundball, 34S, EV 84.4 MPH)
|
|
Batting: RHB Matt Sanders
|
0-0: SINGLE (Line Drive, 9S, EV 96.2 MPH)
|
|
Batting: LHB Tyler Allen
|
0-0: Ball Matt Sanders steals 2nd, throwing error, E2 Matt Sanders to third 1-0: Ball 2-0: Called Strike 2-1: Ball 3-1: Foul Ball, location: 2F 3-2: TRIPLE (Line Drive, 89XD, EV 111.9 MPH) Matt Sanders scores
|
|
Batting: RHB Dan Grable
|
0-0: Foul Ball, location: 2F 0-1: Called Strike 0-2: SINGLE (Groundball, 15S, EV 71.2 MPH) (infield hit) Tyler Allen scores
|
|
Batting: RHB Aaron Burress
|
0-0: Called Strike 0-1: Called Strike 0-2: Strikes out looking
|
| Bottom of the 2nd over - 2 runs, 4 hits, 1 error, 1 left on base; Gwinnett 1 - Lehigh Valley 2 |
| TOP OF THE 3RD |
|
Gwinnett Braves batting - Pitching for Lehigh Valley IronPigs : RHP Wally Hoover
|
|
Batting: LHB Bobby Upton
|
0-0: Ground out U3 (Groundball, 34S, EV 65.0 MPH)
|
|
Batting: LHB Curt Nelson
|
0-0: Ball 1-0: DOUBLE (Line Drive, 9LM, EV 103.8 MPH)
|
|
Batting: SHB Tim Rodgers
|
0-0: Ground out 4-3 (Groundball, 4, EV 87.5 MPH) Curt Nelson to third
|
|
Batting: LHB Davey Schonewille
|
0-0: Called Strike 0-1: Ball 1-1: Ground out 4-3 (Groundball, 4, EV 88.8 MPH)
|
| Top of the 3rd over - 0 runs, 1 hit, 0 errors, 1 left on base; Gwinnett 1 - Lehigh Valley 2 |
| BOTTOM OF THE 3RD |
|
Lehigh Valley IronPigs batting - Pitching for Gwinnett Braves : RHP Alan Shanahan
|
|
Batting: LHB Osamu Kubo
|
0-0: Ball 1-0: Ball 2-0: Ball 3-0: Called Strike 3-1: Ground out 5-3 (Groundball, 5, EV 93.1 MPH)
|
|
Batting: LHB Chad Persaud
|
0-0: Called Strike 0-1: Ball 1-1: Ground out 6-3 (Groundball, 6, EV 85.0 MPH)
|
|
Batting: SHB Lance Franklin
|
0-0: Ball 1-0: Swinging Strike 1-1: Foul Ball, location: 2F 1-2: Ball 2-2: Fly out, F8 (Flyball, 78XD, EV 81.9 MPH)
|
| Bottom of the 3rd over - 0 runs, 0 hits, 0 errors, 0 left on base; Gwinnett 1 - Lehigh Valley 2 |
| TOP OF THE 4TH |
|
Gwinnett Braves batting - Pitching for Lehigh Valley IronPigs : RHP Wally Hoover
|
|
Batting: RHB Ethan McCullough
|
0-0: Ball 1-0: Ground out 4-3 (Groundball, 4, EV 98.1 MPH)
|
|
Batting: RHB Jesse Lester
|
0-0: Called Strike 0-1: Ground out 1-3 (Groundball, 13, EV 67.5 MPH)
|
|
Batting: RHB Angel Lescano
|
0-0: Called Strike 0-1: Ball 1-1: Ground out 5-3 (Groundball, 5, EV 90.0 MPH)
|
| Top of the 4th over - 0 runs, 0 hits, 0 errors, 0 left on base; Gwinnett 1 - Lehigh Valley 2 |
| BOTTOM OF THE 4TH |
|
Lehigh Valley IronPigs batting - Pitching for Gwinnett Braves : RHP Alan Shanahan
|
|
Batting: RHB Josh Hensley
|
0-0: Ball 1-0: Ground out 6-3 (Groundball, 6, EV 83.8 MPH)
|
|
Batting: RHB Chris Pounds
|
0-0: Ball 1-0: Called Strike 1-1: Called Strike 1-2: Foul Ball, location: 2F 1-2: Fly out, F8 (Flyball, 8LXD, EV 109.4 MPH)
|
|
Batting: RHB Matt Sanders
|
0-0: Called Strike 0-1: Foul Ball, location: 2F 0-2: Ball 1-2: Ball 2-2: Ball 3-2: SINGLE (Groundball, 6MD, EV 103.8 MPH)
|
|
Batting: LHB Tyler Allen
|
0-0: Ball 1-0: SINGLE (Groundball, 34D, EV 101.9 MPH) Matt Sanders to second Runner from 2nd tries for 3rd, OUT! 9-5
|
| Bottom of the 4th over - 0 runs, 2 hits, 0 errors, 1 left on base; Gwinnett 1 - Lehigh Valley 2 |
| TOP OF THE 5TH |
|
Gwinnett Braves batting - Pitching for Lehigh Valley IronPigs : RHP Wally Hoover
|
|
Batting: RHB Bobby Light
|
0-0: Ball 1-0: Foul Ball, location: 2F 1-1: Ball 2-1: Fly out, F9 (Flyball, 89M, EV 76.2 MPH)
|
|
Batting: RHB Bill Turnbull
|
0-0: SINGLE (Line Drive, 8LS, EV 95.0 MPH)
|
|
Batting: LHB Bobby Upton
|
0-0: Ball Bill Turnbull steals 2nd base (no throw) 1-0: Called Strike Bill Turnbull steals 3rd, throwing error, E2 Bill Turnbull scores 1-1: Called Strike 1-2: Ground out 5-3 (Groundball, 56, EV 110.0 MPH)
|
|
Batting: LHB Curt Nelson
|
0-0: Fly out, F7 (Flyball, 7LD, EV 80.0 MPH)
|
| Top of the 5th over - 1 run, 1 hit, 1 error, 0 left on base; Gwinnett 2 - Lehigh Valley 2 |
| BOTTOM OF THE 5TH |
|
Lehigh Valley IronPigs batting - Pitching for Gwinnett Braves : RHP Alan Shanahan
|
|
Batting: RHB Dan Grable
|
0-0: Swinging Strike 0-1: Swinging Strike 0-2: Strikes out looking
|
|
Batting: RHB Aaron Burress
|
0-0: Ball 1-0: SOLO HOME RUN (Flyball, 7D, EV 99.4 MPH), Distance : 395 ft
|
|
Batting: LHB Osamu Kubo
|
0-0: Foul Ball, location: 2F 0-1: Ground out 6-3 (Groundball, 6S, EV 76.2 MPH)
|
|
Batting: LHB Chad Persaud
|
0-0: Swinging Strike 0-1: Foul Ball, location: 2F 0-2: Foul Ball, location: 2F 0-2: Ball 1-2: DOUBLE (Groundball, 3L, EV 104.4 MPH)
|
|
Batting: SHB Lance Franklin
|
0-0: Ball 1-0: Ground out 4-3 (Groundball, 34, EV 106.9 MPH)
|
| Bottom of the 5th over - 1 run, 2 hits, 0 errors, 1 left on base; Gwinnett 2 - Lehigh Valley 3 |
| TOP OF THE 6TH |
|
Gwinnett Braves batting - Pitching for Lehigh Valley IronPigs : RHP Wally Hoover
|
|
Batting: SHB Tim Rodgers
|
0-0: Ball 1-0: Foul Ball, location: 2F 1-1: Foul Ball, location: 2F 1-2: Strikes out swinging
|
|
Batting: LHB Davey Schonewille
|
0-0: Called Strike 0-1: Ground out U3 (Groundball, 34, EV 78.1 MPH)
|
|
Batting: RHB Ethan McCullough
|
0-0: Ball 1-0: Ground out 4-3 (Groundball, 4, EV 110.0 MPH)
|
| Top of the 6th over - 0 runs, 0 hits, 0 errors, 0 left on base; Gwinnett 2 - Lehigh Valley 3 |
| BOTTOM OF THE 6TH |
|
Lehigh Valley IronPigs batting - Pitching for Gwinnett Braves : RHP Alan Shanahan
|
|
Batting: RHB Josh Hensley
|
0-0: Ball 1-0: Ball 2-0: Called Strike 2-1: Ground out 1-3 (Groundball, 13S, EV 70.0 MPH)
|
|
Batting: RHB Chris Pounds
|
0-0: Foul Ball, location: 2F 0-1: Ground out 5-3 (Groundball, 56S, EV 93.8 MPH)
|
|
Batting: RHB Matt Sanders
|
0-0: Ball 1-0: Ball 2-0: Ball 3-0: Base on Balls
|
|
Pitching: RHP Juan Sanchez
|
|
|
Batting: LHB Tyler Allen
|
0-0: Foul Ball, location: 2F 0-1: Ball Matt Sanders is caught stealing 2nd base 2-6
|
| Bottom of the 6th over - 0 runs, 0 hits, 0 errors, 0 left on base; Gwinnett 2 - Lehigh Valley 3 |
| TOP OF THE 7TH |
|
Gwinnett Braves batting - Pitching for Lehigh Valley IronPigs : RHP Wally Hoover
|
|
Batting: RHB Jesse Lester
|
0-0: Ball 1-0: Called Strike 1-1: Called Strike 1-2: Ball 2-2: Ball 3-2: Ground out 6-3 (Groundball, 6, EV 108.8 MPH)
|
|
Batting: RHB Angel Lescano
|
0-0: Ball 1-0: Ground out 3-1 (Groundball, 34, EV 85.6 MPH)
|
|
Pinch Hitting: RHB Luis Revilla
|
0-0: Ball 1-0: Called Strike 1-1: Ball 2-1: Fly out, F7 (Line Drive, 7, EV 106.2 MPH)
|
| Top of the 7th over - 0 runs, 0 hits, 0 errors, 0 left on base; Gwinnett 2 - Lehigh Valley 3 |
| BOTTOM OF THE 7TH |
|
Lehigh Valley IronPigs batting - Pitching for Gwinnett Braves : RHP Juan Sanchez
|
|
Now at 2B: Luis Revilla
|
|
|
Now at SS: Ethan McCullough
|
|
|
Batting: LHB Tyler Allen
|
0-0: Called Strike 0-1: Swinging Strike 0-2: Ground out 6-3 (Groundball, 6, EV 87.5 MPH)
|
|
Batting: RHB Dan Grable
|
0-0: Foul Ball, location: 2F 0-1: Ball 1-1: Ball 2-1: Ball 3-1: Called Strike 3-2: Strikes out looking
|
|
Batting: RHB Aaron Burress
|
0-0: Ball 1-0: Ball 2-0: Called Strike 2-1: Called Strike 2-2: Ball 3-2: Base on Balls
|
|
Batting: LHB Osamu Kubo
|
0-0: Called Strike 0-1: Foul Ball, location: 2F 0-2: Ball 1-2: Ball 2-2: Foul Ball, location: 2F 2-2: Ball 3-2: Fly out, F6 (Line Drive, 6, EV 71.9 MPH)
|
| Bottom of the 7th over - 0 runs, 0 hits, 0 errors, 1 left on base; Gwinnett 2 - Lehigh Valley 3 |
| TOP OF THE 8TH |
|
Gwinnett Braves batting - Pitching for Lehigh Valley IronPigs : RHP Wally Hoover
|
|
Batting: RHB Bill Turnbull
|
0-0: Ball 1-0: Ball 2-0: Ball 3-0: Base on Balls
|
|
Batting: LHB Bobby Upton
|
0-0: Ball 1-0: Sac Bunt to 2R - play at first, batter OUT! 2-4 Bill Turnbull to second
|
|
Batting: LHB Curt Nelson
|
0-0: Ball 1-0: Ball 2-0: Ball 3-0: Base on Balls
|
|
Batting: SHB Tim Rodgers
|
0-0: Ball 1-0: Swinging Strike 1-1: Ball 2-1: Ball 3-1: Foul Ball, location: 2F 3-2: Base on Balls Bill Turnbull to third Curt Nelson to second
|
|
Batting: LHB Davey Schonewille
|
0-0: Called Strike 0-1: Ball 1-1: Ball 2-1: Ball 3-1: Foul Ball, location: 2F 3-2: Fly out, F7 (Flyball, 7LM, EV 90.0 MPH) Runner from 3rd tags up, SCORES, no throw by LF
|
|
Pitching: RHP Chris Faulkner
|
|
|
Pinch Hitting: LHB Jose Chinchilla
|
0-0: Called Strike 0-1: Swinging Strike 0-2: Foul Ball, location: 2F 0-2: Fly out, F5 (Line Drive, 5, EV 67.5 MPH)
|
| Top of the 8th over - 1 run, 0 hits, 0 errors, 2 left on base; Gwinnett 3 - Lehigh Valley 3 |
| BOTTOM OF THE 8TH |
|
Lehigh Valley IronPigs batting - Pitching for Gwinnett Braves : RHP Juan Sanchez
|
|
Pitching: LHP Roger Ipock
|
|
|
Now at SS: Alex Munoz
|
|
|
Batting: RHB Bill Moldenhauer
|
0-0: Ball 1-0: Called Strike 1-1: Called Strike 1-2: Fly out, F6 (Popup, 6M, EV 60.0 MPH)
|
|
Pitching: RHP Craig Noble
|
|
|
Batting: SHB Lance Franklin
|
0-0: Called Strike 0-1: Ball 1-1: Called Strike 1-2: Ball 2-2: Foul Ball, location: 2F 2-2: Foul Ball, location: 2F 2-2: Ball 3-2: Base on Balls
|
|
Batting: RHB Josh Hensley
|
0-0: Called Strike 0-1: Foul Ball, location: 2F 0-2: Ball 1-2: Ball 2-2: Ball 3-2: Fly out, F9 (Line Drive, 9D, EV 96.2 MPH)
|
|
Batting: RHB Chris Pounds
|
0-0: Ball 1-0: Called Strike 1-1: Called Strike 1-2: Ground out 1-3 (Groundball, 34S, EV 66.9 MPH)
|
| Bottom of the 8th over - 0 runs, 0 hits, 0 errors, 1 left on base; Gwinnett 3 - Lehigh Valley 3 |
| TOP OF THE 9TH |
|
Gwinnett Braves batting - Pitching for Lehigh Valley IronPigs : RHP Chris Faulkner
|
|
Batting: RHB Jesse Lester
|
0-0: Called Strike 0-1: Ball 1-1: Called Strike 1-2: Ball 2-2: Ball 3-2: SINGLE (Groundball, 34D, EV 97.5 MPH)
|
|
Batting: RHB Angel Lescano
|
0-0: Bunt missed! 0-1: Sac Bunt to 15S - play at first, batter OUT! 1-4 Jesse Lester to second
|
|
Batting: RHB Luis Revilla
|
0-0: Ball 1-0: Ball 2-0: Ball 3-0: Base on Balls
|
|
Batting: RHB Bill Turnbull
|
0-0: Ball 1-0: Called Strike 1-1: Foul Ball, location: 2F 1-2: Ball 2-2: Ball 3-2: Strikes out swinging
|
|
Batting: LHB Bobby Upton
|
0-0: Ball 1-0: Swinging Strike 1-1: Ground out 4-3 (Groundball, 4, EV 77.5 MPH)
|
| Top of the 9th over - 0 runs, 1 hit, 0 errors, 2 left on base; Gwinnett 3 - Lehigh Valley 3 |
| BOTTOM OF THE 9TH |
|
Lehigh Valley IronPigs batting - Pitching for Gwinnett Braves : RHP Craig Noble
|
|
Pitching: RHP Carlos Heredia
|
|
|
Batting: RHB Matt Sanders
|
0-0: Called Strike 0-1: Ball 1-1: Ball 2-1: Called Strike 2-2: Foul Ball, location: 2F 2-2: Foul Ball, location: 2F 2-2: Ball 3-2: Fly out, F4 (Popup, 4MD, EV 51.9 MPH)
|
|
Batting: LHB Tyler Allen
|
0-0: Called Strike 0-1: Foul Ball, location: 2F 0-2: Foul Ball, location: 2F 0-2: SINGLE (Line Drive, 89S, EV 98.1 MPH)
|
|
Batting: RHB Dan Grable
|
0-0: Grounds into double play, 6-4-3 (Groundball, 6, EV 109.4 MPH)
|
| Bottom of the 9th over - 0 runs, 1 hit, 0 errors, 0 left on base; Gwinnett 3 - Lehigh Valley 3 |
| TOP OF THE 10TH |
|
Gwinnett Braves batting - Pitching for Lehigh Valley IronPigs : RHP Chris Faulkner
|
|
Pitching: RHP Jamie Verberkmoes
|
|
|
Batting: LHB Curt Nelson
|
0-0: Ball 1-0: Ball 2-0: Called Strike 2-1: Ball 3-1: Foul Ball, location: 2F 3-2: Foul Ball, location: 2F 3-2: Strikes out looking
|
|
Batting: SHB Tim Rodgers
|
0-0: DOUBLE (Line Drive, 7LM, EV 107.5 MPH)
|
|
Batting: LHB Davey Schonewille
|
0-0: Intentional Walk
|
|
Batting: RHB Alex Munoz
|
0-0: Called Strike 0-1: Called Strike 0-2: Ball 1-2: Strikes out swinging
|
|
Batting: RHB Jesse Lester
|
0-0: Ball 1-0: Ball 2-0: Called Strike 2-1: Foul Ball, location: 2F 2-2: Ground out 4-3 (Groundball, 4S, EV 82.5 MPH)
|
| Top of the 10th over - 0 runs, 1 hit, 0 errors, 2 left on base; Gwinnett 3 - Lehigh Valley 3 |
| BOTTOM OF THE 10TH |
|
Lehigh Valley IronPigs batting - Pitching for Gwinnett Braves : RHP Carlos Heredia
|
|
Batting: RHB Aaron Burress
|
0-0: Ground out 6-3 (Groundball, 6M, EV 85.0 MPH)
|
|
Batting: LHB Osamu Kubo
|
0-0: Swinging Strike 0-1: Ground out U3 (Groundball, 34S, EV 81.9 MPH)
|
|
Batting: RHB Bill Moldenhauer
|
0-0: SINGLE (Groundball, 15, EV 88.1 MPH) (infield hit)
|
|
Batting: SHB Lance Franklin
|
0-0: Ball 1-0: Ball Bill Moldenhauer steals 2nd base 2-0: Intentional Walk
|
|
Batting: RHB Josh Hensley
|
0-0: Called Strike 0-1: Ball 1-1: Foul Ball, location: 2F 1-2: Foul Ball, location: 2F 1-2: Ball 2-2: Ball 3-2: Ground out 6-3 (Groundball, 6, EV 94.4 MPH)
|
| Bottom of the 10th over - 0 runs, 1 hit, 0 errors, 2 left on base; Gwinnett 3 - Lehigh Valley 3 |
| TOP OF THE 11TH |
|
Gwinnett Braves batting - Pitching for Lehigh Valley IronPigs : RHP Jamie Verberkmoes
|
|
Batting: RHB Angel Lescano
|
0-0: Called Strike 0-1: Ball 1-1: Swinging Strike 1-2: Strikes out swinging
|
|
Batting: RHB Luis Revilla
|
0-0: Swinging Strike 0-1: Called Strike 0-2: DOUBLE (Flyball, 8RXD, EV 97.5 MPH)
|
|
Batting: RHB Bill Turnbull
|
0-0: Ball 1-0: Ground out 6-3 (Groundball, 6, EV 77.5 MPH) Luis Revilla to third
|
|
Batting: LHB Bobby Upton
|
0-0: Fly out, F8 (Flyball, 8RD, EV 86.9 MPH)
|
| Top of the 11th over - 0 runs, 1 hit, 0 errors, 1 left on base; Gwinnett 3 - Lehigh Valley 3 |
| BOTTOM OF THE 11TH |
|
Lehigh Valley IronPigs batting - Pitching for Gwinnett Braves : RHP Carlos Heredia
|
|
Batting: RHB Chris Pounds
|
0-0: SINGLE (Groundball, 4MS, EV 69.4 MPH) (infield hit)
|
|
Batting: RHB Matt Sanders
|
0-0: Bunted foul 0-1: Ball 1-1: Ball 2-1: Sac Bunt to 13 - play at first, batter OUT! 1-4 Chris Pounds to second
|
|
Batting: LHB Tyler Allen
|
0-0: Ball Wild Pitch! Chris Pounds to third 1-0: Foul Ball, location: 2F Squeeze bunt is on, Chris Pounds is out 1-2: Ball 2-2: SINGLE (Line Drive, 8RS, EV 107.5 MPH)
|
|
Batting: RHB Dan Grable
|
0-0: SINGLE (Line Drive, 9S, EV 93.8 MPH) Tyler Allen to second Runner from 2nd tries for 3rd, SAFE, throw by RF made to third
|
|
Batting: RHB Aaron Burress
|
0-0: Called Strike 0-1: Swinging Strike 0-2: Foul Ball, location: 2F 0-2: Ball 1-2: Fielders Choice at 2nd, 5-4 (Groundball, 56, EV 101.2 MPH)
|
| Bottom of the 11th over - 0 runs, 3 hits, 0 errors, 2 left on base; Gwinnett 3 - Lehigh Valley 3 |
| TOP OF THE 12TH |
|
Gwinnett Braves batting - Pitching for Lehigh Valley IronPigs : RHP Jamie Verberkmoes
|
|
Batting: LHB Curt Nelson
|
0-0: Ball 1-0: Ball 2-0: Ball 3-0: Called Strike 3-1: Base on Balls
|
|
Batting: SHB Tim Rodgers
|
0-0: Called Strike 0-1: Ball 1-1: Ball 2-1: Foul Ball, location: 2F 2-2: Strikes out swinging
|
|
Pitching: LHP John Murray
|
|
|
Batting: LHB Davey Schonewille
|
0-0: Ball 1-0: Foul Ball, location: 2F 1-1: Ball Curt Nelson is caught stealing 2nd base 2-6 2-1: Fly out, F7 (Flyball, 7D, EV 101.2 MPH)
|
| Top of the 12th over - 0 runs, 0 hits, 0 errors, 0 left on base; Gwinnett 3 - Lehigh Valley 3 |
| BOTTOM OF THE 12TH |
|
Lehigh Valley IronPigs batting - Pitching for Gwinnett Braves : RHP Carlos Heredia
|
|
Pitching: LHP Kyle Krull
|
|
|
Pinch Hitting: RHB Nick Beggs
|
0-0: Ball 1-0: Called Strike 1-1: DOUBLE (Line Drive, 7LM, EV 106.2 MPH)
|
|
Batting: RHB Bill Moldenhauer
|
0-0: Ball 1-0: Ball 2-0: Foul Ball, location: 2F 2-1: Called Strike 2-2: Strikes out looking
|
|
Batting: SHB Lance Franklin
|
0-0: Ball 1-0: Foul Ball, location: 2F 1-1: Ball 2-1: Ball 3-1: Base on Balls
|
|
Batting: RHB Josh Hensley
|
0-0: Ball 1-0: Swinging Strike 1-1: Called Strike 1-2: Ball 2-2: Strikes out looking
|
|
Batting: RHB Chris Pounds
|
0-0: Ground out 4-3 (Groundball, 4, EV 98.1 MPH)
|
| Bottom of the 12th over - 0 runs, 1 hit, 0 errors, 2 left on base; Gwinnett 3 - Lehigh Valley 3 |
| TOP OF THE 13TH |
|
Gwinnett Braves batting - Pitching for Lehigh Valley IronPigs : LHP John Murray
|
|
Now in RF: Cesar Arteaga
|
|
|
Batting: RHB Alex Munoz
|
0-0: Ball 1-0: Called Strike 1-1: Ball 2-1: Swinging Strike 2-2: Strikes out swinging
|
|
Batting: RHB Jesse Lester
|
0-0: Ball 1-0: Fly out, F9 (Flyball, 89M, EV 86.2 MPH)
|
|
Batting: RHB Angel Lescano
|
0-0: Fly out, F9 (Line Drive, 9, EV 96.2 MPH)
|
| Top of the 13th over - 0 runs, 0 hits, 0 errors, 0 left on base; Gwinnett 3 - Lehigh Valley 3 |
| BOTTOM OF THE 13TH |
|
Lehigh Valley IronPigs batting - Pitching for Gwinnett Braves : LHP Kyle Krull
|
|
Batting: RHB Matt Sanders
|
0-0: Ball 1-0: Foul Ball, location: 2F 1-1: Ball 2-1: Called Strike 2-2: Ground out 6-3 (Groundball, 6, EV 101.2 MPH)
|
|
Batting: LHB Tyler Allen
|
0-0: Ball 1-0: Called Strike 1-1: Foul Ball, location: 2F 1-2: Foul Ball, location: 2F 1-2: Foul Ball, location: 2F 1-2: Strikes out swinging
|
|
Batting: RHB Dan Grable
|
0-0: Called Strike 0-1: Ball 1-1: Swinging Strike 1-2: Strikes out looking
|
| Bottom of the 13th over - 0 runs, 0 hits, 0 errors, 0 left on base; Gwinnett 3 - Lehigh Valley 3 |
| TOP OF THE 14TH |
|
Gwinnett Braves batting - Pitching for Lehigh Valley IronPigs : LHP John Murray
|
|
Batting: RHB Luis Revilla
|
0-0: Ball 1-0: Called Strike 1-1: Ball 2-1: Ball 3-1: Swinging Strike 3-2: Base on Balls
|
|
Batting: RHB Bill Turnbull
|
0-0: Bunted foul 0-1: Ball 1-1: Sac Bunt to 13 - play at first, batter OUT! 1-4 Luis Revilla to second
|
|
Batting: LHB Bobby Upton
|
0-0: Ball 1-0: Fly out, F6 (Flyball, 56D, EV 83.1 MPH)
|
|
Batting: LHB Curt Nelson
|
0-0: Fly out, F8 (Flyball, 78XD, EV 102.5 MPH)
|
| Top of the 14th over - 0 runs, 0 hits, 0 errors, 1 left on base; Gwinnett 3 - Lehigh Valley 3 |
| BOTTOM OF THE 14TH |
|
Lehigh Valley IronPigs batting - Pitching for Gwinnett Braves : LHP Kyle Krull
|
|
Batting: RHB Aaron Burress
|
0-0: Ball 1-0: SINGLE (Groundball, 56D, EV 98.1 MPH)
|
|
Batting: SHB Cesar Arteaga
|
0-0: Fly out, F8 (Flyball, 8LD, EV 88.1 MPH)
|
|
Batting: RHB Bill Moldenhauer
|
0-0: Called Strike 0-1: Ground out 5-3 (Groundball, 56S, EV 70.6 MPH) Aaron Burress to second
|
|
Batting: SHB Lance Franklin
|
0-0: Foul Ball, location: 2F 0-1: Called Strike 0-2: Ball 1-2: Strikes out swinging
|
| Bottom of the 14th over - 0 runs, 1 hit, 0 errors, 1 left on base; Gwinnett 3 - Lehigh Valley 3 |
| TOP OF THE 15TH |
|
Gwinnett Braves batting - Pitching for Lehigh Valley IronPigs : LHP John Murray
|
|
Batting: SHB Tim Rodgers
|
0-0: Ball 1-0: Ball 2-0: Foul Ball, location: 2F 2-1: Ball 3-1: Base on Balls
|
|
Batting: LHB Davey Schonewille
|
0-0: Swinging Strike 0-1: Ball 1-1: Fly out, F8 (Line Drive, 8RD, EV 96.2 MPH)
|
|
Batting: RHB Alex Munoz
|
0-0: Called Strike 0-1: Ball 1-1: Ball 2-1: Called Strike 2-2: Fly out, F3 (Popup, 3F, EV 70.0 MPH)
|
|
Batting: RHB Jesse Lester
|
0-0: Foul Ball, location: 2F 0-1: Ball 1-1: Ball 2-1: Foul Ball, location: 2F 2-2: Fly out, F7 (Flyball, 7, EV 87.5 MPH)
|
| Top of the 15th over - 0 runs, 0 hits, 0 errors, 1 left on base; Gwinnett 3 - Lehigh Valley 3 |
| BOTTOM OF THE 15TH |
|
Lehigh Valley IronPigs batting - Pitching for Gwinnett Braves : LHP Kyle Krull
|
|
Batting: RHB Josh Hensley
|
0-0: Called Strike 0-1: Ground out 5-3 (Groundball, 56, EV 106.9 MPH)
|
|
Batting: RHB Chris Pounds
|
0-0: Called Strike 0-1: Ball 1-1: Ball 2-1: Fly out, F9 (Flyball, 9, EV 80.6 MPH)
|
|
Batting: RHB Matt Sanders
|
0-0: Ball 1-0: Ball 2-0: SINGLE (Line Drive, 6D, EV 97.5 MPH)
|
|
Batting: LHB Tyler Allen
|
0-0: Ball 1-0: Ball 2-0: Swinging Strike 2-1: Called Strike 2-2: Ball 3-2: Base on Balls Matt Sanders to second
|
|
Batting: RHB Dan Grable
|
0-0: Called Strike 0-1: Ball 1-1: Fly out, F7 (Flyball, 78M, EV 89.4 MPH)
|
| Bottom of the 15th over - 0 runs, 1 hit, 0 errors, 2 left on base; Gwinnett 3 - Lehigh Valley 3 |
| TOP OF THE 16TH |
|
Gwinnett Braves batting - Pitching for Lehigh Valley IronPigs : LHP John Murray
|
|
Batting: RHB Angel Lescano
|
0-0: Ball 1-0: Ball 2-0: Called Strike 2-1: Ground out 6-3 (Groundball, 6, EV 80.0 MPH)
|
|
Batting: RHB Luis Revilla
|
0-0: Called Strike 0-1: Ball 1-1: Fly out, F7 (Flyball, 7S, EV 86.9 MPH)
|
|
Batting: RHB Bill Turnbull
|
0-0: Swinging Strike 0-1: Ball 1-1: Fly out, F7 (Flyball, 7, EV 87.5 MPH)
|
| Top of the 16th over - 0 runs, 0 hits, 0 errors, 0 left on base; Gwinnett 3 - Lehigh Valley 3 |
| BOTTOM OF THE 16TH |
|
Lehigh Valley IronPigs batting - Pitching for Gwinnett Braves : LHP Kyle Krull
|
|
Batting: RHB Aaron Burress
|
0-0: Ball 1-0: Ball 2-0: Called Strike 2-1: Swinging Strike 2-2: Strikes out swinging
|
|
Batting: SHB Cesar Arteaga
|
0-0: Foul Ball, location: 2F 0-1: Foul Ball, location: 2F 0-2: Ball 1-2: Ball 2-2: Hit by Pitch
|
|
Pitching: RHP Brian Garrett
|
|
|
Batting: RHB Bill Moldenhauer
|
0-0: Fly out, F7 (Line Drive, 7, EV 87.5 MPH)
|
|
Batting: SHB Lance Franklin
|
0-0: Ball 1-0: Ball 2-0: Ground out U3 (Groundball, 13, EV 92.5 MPH)
|
| Bottom of the 16th over - 0 runs, 0 hits, 0 errors, 1 left on base; Gwinnett 3 - Lehigh Valley 3 |
| TOP OF THE 17TH |
|
Gwinnett Braves batting - Pitching for Lehigh Valley IronPigs : LHP John Murray
|
|
Batting: LHB Bobby Upton
|
0-0: Ball 1-0: Called Strike 1-1: Ball 2-1: Ground out U3 (Groundball, 34, EV 102.5 MPH)
|
|
Batting: LHB Curt Nelson
|
0-0: Ball 1-0: Called Strike 1-1: Ball 2-1: Ball 3-1: Base on Balls
|
|
Pitching: RHP Luis Castillo
|
|
|
Batting: SHB Tim Rodgers
|
0-0: Ball 1-0: Called Strike 1-1: Swinging Strike 1-2: Fielders Choice at 2nd, 4-6 (Groundball, 34, EV 78.8 MPH)
|
|
Batting: LHB Davey Schonewille
|
0-0: Ball 1-0: Called Strike Tim Rodgers is caught stealing 2nd base 2-6
|
| Top of the 17th over - 0 runs, 0 hits, 0 errors, 0 left on base; Gwinnett 3 - Lehigh Valley 3 |
| BOTTOM OF THE 17TH |
|
Lehigh Valley IronPigs batting - Pitching for Gwinnett Braves : RHP Brian Garrett
|
|
Batting: RHB Josh Hensley
|
0-0: Foul Ball, location: 2F 0-1: Ball 1-1: Ground out 6-3 (Groundball, 6, EV 78.8 MPH)
|
|
Batting: RHB Chris Pounds
|
0-0: Called Strike 0-1: Foul Ball, location: 2F 0-2: Ball 1-2: Strikes out swinging
|
|
Batting: RHB Matt Sanders
|
0-0: Ground out 5-3 (Groundball, 56S, EV 70.6 MPH)
|
| Bottom of the 17th over - 0 runs, 0 hits, 0 errors, 0 left on base; Gwinnett 3 - Lehigh Valley 3 |
| TOP OF THE 18TH |
|
Gwinnett Braves batting - Pitching for Lehigh Valley IronPigs : RHP Luis Castillo
|
|
Batting: LHB Davey Schonewille
|
0-0: Called Strike 0-1: Ball 1-1: Ball 2-1: Ball 3-1: Called Strike 3-2: Ground out 6-3 (Groundball, 6, EV 81.2 MPH)
|
|
Batting: RHB Alex Munoz
|
0-0: Ball 1-0: SINGLE (Line Drive, 34, EV 98.1 MPH)
|
|
Batting: RHB Jesse Lester
|
0-0: Swinging Strike 0-1: Called Strike 0-2: 2-RUN HOME RUN (Flyball, 9LD, EV 95.6 MPH), Distance : 333 ft
|
|
Batting: RHB Angel Lescano
|
0-0: Ball 1-0: Swinging Strike 1-1: Foul Ball, location: 2F 1-2: Strikes out swinging
|
|
Batting: RHB Luis Revilla
|
0-0: Called Strike 0-1: Called Strike 0-2: Strikes out swinging
|
| Top of the 18th over - 2 runs, 2 hits, 0 errors, 0 left on base; Gwinnett 5 - Lehigh Valley 3 |
| BOTTOM OF THE 18TH |
|
Lehigh Valley IronPigs batting - Pitching for Gwinnett Braves : RHP Brian Garrett
|
|
Batting: LHB Tyler Allen
|
0-0: Ball 1-0: Called Strike 1-1: Swinging Strike 1-2: DOUBLE (Line Drive, 78D, EV 105.0 MPH)
|
|
Batting: RHB Dan Grable
|
0-0: Swinging Strike 0-1: Ball 1-1: Called Strike 1-2: SINGLE (Groundball, 56D, EV 102.5 MPH) Tyler Allen to third
|
|
Pitching: RHP Luis Alvarez
|
|
|
Batting: RHB Aaron Burress
|
0-0: Foul Ball, location: 2F 0-1: SINGLE (Line Drive, 78M, EV 108.8 MPH) Tyler Allen scores Dan Grable to second Runner from 2nd tries for 3rd, SAFE, throw by LF made to third
|
|
Batting: SHB Cesar Arteaga
|
0-0: Ball 1-0: Foul Ball, location: 2F 1-1: Called Strike 1-2: Strikes out swinging
|
|
Batting: RHB Bill Moldenhauer
|
0-0: Ball 1-0: Ball 2-0: Ball 3-0: Called Strike 3-1: Foul Ball, location: 2F 3-2: Base on Balls Aaron Burress to second
|
|
Batting: SHB Lance Franklin
|
0-0: Fly out, F7 (Flyball, 78D, EV 95.6 MPH) Runner from 3rd tags up, SCORES, throw by LF
|
|
Batting: RHB Josh Hensley
|
0-0: Foul Ball, location: 2F 0-1: Ball 1-1: Fly out, F3 (Popup, 3SF, EV 80.0 MPH)
|
| Bottom of the 18th over - 2 runs, 3 hits, 0 errors, 2 left on base; Gwinnett 5 - Lehigh Valley 5 |
| TOP OF THE 19TH |
|
Gwinnett Braves batting - Pitching for Lehigh Valley IronPigs : RHP Luis Castillo
|
|
Batting: RHB Bill Turnbull
|
0-0: Ball 1-0: Ball 2-0: Foul Ball, location: 2F 2-1: Ball 3-1: Foul Ball, location: 2F 3-2: Foul Ball, location: 2F 3-2: Foul Ball, location: 2F 3-2: Ground out 6-3 (Groundball, 56, EV 81.9 MPH)
|
|
Batting: LHB Bobby Upton
|
0-0: Called Strike 0-1: DOUBLE (Line Drive, 8RXD, EV 107.5 MPH)
|
|
Batting: LHB Curt Nelson
|
0-0: Intentional Walk
|
|
Batting: SHB Tim Rodgers
|
0-0: Ball 1-0: Called Strike 1-1: Foul Ball, location: 2F 1-2: Foul Ball, location: 2F 1-2: Ball 2-2: Ball 3-2: Base on Balls Bobby Upton to third Curt Nelson to second
|
|
Batting: LHB Davey Schonewille
|
0-0: Ball 1-0: Ball 2-0: Foul Ball, location: 2F 2-1: Ball Wild Pitch! Bobby Upton scores Curt Nelson to third Tim Rodgers to second 3-1: Intentional Walk
|
|
Batting: RHB Alex Munoz
|
0-0: Called Strike 0-1: Foul Ball, location: 2F 0-2: Ball 1-2: Strikes out swinging
|
|
Pitching: RHP John Capparelli
|
|
|
Batting: RHB Jesse Lester
|
0-0: Foul Ball, location: 2F 0-1: Ball 1-1: Swinging Strike 1-2: Foul Ball, location: 2F 1-2: Ball 2-2: Hit by Pitch Curt Nelson scores Tim Rodgers to third Davey Schonewille to second
|
|
Batting: RHB Angel Lescano
|
0-0: Ball 1-0: Foul Ball, location: 2F 1-1: Called Strike 1-2: Foul Ball, location: 2F 1-2: Fly out, F7 (Flyball, 7LS, EV 83.8 MPH)
|
| Top of the 19th over - 2 runs, 1 hit, 0 errors, 3 left on base; Gwinnett 7 - Lehigh Valley 5 |
| BOTTOM OF THE 19TH |
|
Lehigh Valley IronPigs batting - Pitching for Gwinnett Braves : RHP Luis Alvarez
|
|
Batting: RHB Chris Pounds
|
0-0: Called Strike 0-1: Ball 1-1: Ball 2-1: Ball 3-1: Base on Balls
|
|
Batting: RHB Matt Sanders
|
0-0: Ball 1-0: Ball 2-0: Foul Ball, location: 2F 2-1: Foul Ball, location: 2F 2-2: Strikes out looking
|
|
Batting: LHB Tyler Allen
|
0-0: Ball 1-0: Ball 2-0: Foul Ball, location: 2F 2-1: Ball 3-1: Base on Balls Chris Pounds to second
|
|
Batting: RHB Dan Grable
|
0-0: Ball Wild Pitch! Chris Pounds to third Tyler Allen to second 1-0: Ball 2-0: SINGLE (Flyball, 34D, EV 92.5 MPH) Chris Pounds scores Tyler Allen to third
|
|
Batting: RHB Aaron Burress
|
0-0: Swinging Strike 0-1: Grounds into double play, 1-6-3 (Groundball, 13S, EV 72.5 MPH)
|
| Bottom of the 19th over - 1 run, 1 hit, 0 errors, 1 left on base; Gwinnett 7 - Lehigh Valley 6 |
|